 Dungeon Sprint DCSS version 0.31-a0-1-g4198be8af4 (webtiles) character file.

Game seed: 2638436403033252715

2044 sircluck the Grappler (level 9, -22/100 HPs)
             Began as a Troll Berserker on May 2, 2023.
             Was a High Priest of Trog.
             Killed from afar by a lindwurm (30 damage)
             ... with a blast of flame
             ... in the Dungeon (Sprint VII: "The Pits").
             The game lasted 00:03:48 (899 turns).

sircluck the Grappler (Troll Berserker)              Turns: 899, Time: 00:03:48

Health: -22/100    AC:  4    Str: 31    XL:     9   Next: 4%
Magic:  8/8        EV: 12    Int:  3    God:    Trog [*****.]
Gold:   0          SH:  0    Dex:  9    Spells: 8/8 levels left

rFire   . .          .
                       - Unarmed
rCold   . . .        (no shield)
rNeg    . . .        a - +0 animal skin
rPois   .            (helmet restricted)
rElec   .            (no cloak)
rCorr   .            (gloves unavailable)
SInv    .            (boots unavailable)
Will    .....        (no amulet)
Stlth   ++           (no ring)
HPRegen 1.16/turn    (no ring)
MPRegen 0.11/turn

%: no teleportation
@: on berserk cooldown, slowed, very slow
A: large, unfitting armour, claws 3, regeneration 1, shaggy fur 1, tough skin 1
a: Renounce Religion, Berserk, Trog's Hand, Brothers in Arms


You were in the Dungeon.
You worshipped Trog.
Trog was extremely pleased with you.
You visited 1 branch

Inventory:

Missiles
 i - 10 stones (quivered)
Armour
 a - a +0 animal skin (worn)
 m - a +0 cloak
Jewellery
 g - a +3 ring of intelligence
 l - a +3 ring of evasion
Scrolls
 j - a scroll of butterflies
Potions
 b - 6 potions of curing
 c - 9 potions of heal wounds
 d - 2 potions of haste
 e - 4 potions of magic
 f - 4 potions of berserk rage
 h - 2 potions of invisibility
 k - 2 potions of resistance


   Skills:
 + Level 9.4 Fighting
 + Level 9.0 Dodging
 + Level 3.0 Stealth
 + Level 13.5 Unarmed Combat


You had 8 spell levels left.
You didn't know any spells.
Your spell library was empty.

Dungeon Overview and Level Annotations

Branches:
Dungeon (1/1)

Altars:
Ashenzari
Cheibriados
Dithmenos
Elyvilon
Fedhas
Gozag
Hepliaklqana
Kikubaaqudgha
Makhleb
Nemelex Xobeh
Okawaru
Qazlal
Ru
Sif Muna
Trog
Uskayaw
Vehumet
Wu Jian
Xom
Yredelemnul
Zin
The Shining One
Jiyva
Lugonu


Innate Abilities, Weirdness & Mutations

You are too large for most types of armour.
You have claws for hands.
Your natural rate of healing is unusually fast.
You are covered in fur. (AC +1)
You have tough skin. (AC +1)


Message History

The molten gargoyle blasts magma at you!
The bolt of magma hits you!!!
* * * LOW HITPOINT WARNING * * *
You are too injured to fight recklessly!
You are too injured to fight recklessly!
You are too injured to fight recklessly!
You are too injured to fight recklessly!
You are too injured to fight recklessly!
You are too injured to fight recklessly!
You are too injured to fight recklessly!
You are too injured to fight recklessly!
You claw the molten gargoyle! You claw the molten gargoyle.
The molten gargoyle is heavily damaged.
The molten gargoyle hits you with a +0 flail!!
* * * LOW HITPOINT WARNING * * *
You are engulfed in flames!
* * * LOW HITPOINT WARNING * * *
You claw the molten gargoyle! You claw the molten gargoyle.
You destroy the molten gargoyle!
Trog accepts your kill.
Your Dodging skill increases to level 9!
Your Stealth skill increases to level 3!
You have reached level 9!
Your experience leads to an increase in your attributes!
Increase (S)trength, (I)ntelligence, or (D)exterity?
Welcome back, sircluck the Troll Berserker.
Trog says: Kill them all!
Press ? for a list of commands and other information.
You have reached level 9!
Your experience leads to an increase in your attributes!
Increase (S)trength, (I)ntelligence, or (D)exterity?
You feel stronger. x3
Unknown command.
You feel a strong urge to attack something.
You feel your anger nearly subside.
You are no longer berserk.
You are exhausted.
You feel yourself slow down. The lindwurm breathes flames at you.
The blast of flame hits you!!
You die...

#'#####'#####''######
..##.......##''#
..##.......##..#
####.......##..#
..##...<...##..#### #+#
..##.......##..#..#####.##
..##.......##..#....##...#
####.......##..'.....#...#
..###########..'@...kooo.+
)############..'.....#...#
)#....#..[[##..#....##...#
'#....#...[##..#..#####.##
†'....'..))##..#### #o#
)#.[..#!.))##..##oooko..o......
.#....#!.))##..#..Z.o.........#
###############################


You could see a lindwurm (catching breath), 2 orc wizards and an orc.

Vanquished Creatures
  2 molten gargoyles (D)
  An unseen horror (D)
  A freezing wraith (D)
  Edmund (D)
  A black bear (D)
  An ogre (D)
  A centaur (D)
  A scorpion (D)
  A crimson imp (D)
  2 orc priests (D)
  A river rat (D)
  An ufetubus (D)
  2 orcs (D)
  2 giant cockroaches (D)
  6 jackals (D)
  2 quokkas (D)
  A ball python skeleton (D)
  A frilled lizard (D)
  A kobold (D)
  A quokka skeleton (D)
30 creatures vanquished.

Vanquished Creatures (collateral kills)
  A spriggan (D)
  A water moccasin (D)
  An ogre (D)
  An endoplasm (D)
  A hobgoblin (D)
5 creatures vanquished.

Grand Total: 35 creatures vanquished

Notes
Turn   | Place    | Note
-------+----------+-------------------------------------------
     0 | D        | sircluck the Troll Berserker began the quest for the Orb.
     0 | D        | Reached XP level 1. HP: 22/22 MP: 0/0
    62 | D        | Found a bloodstained altar of Trog.
    62 | D        | Found a shimmering blue altar of Sif Muna.
    62 | D        | Found a viscous altar of Jiyva.
    62 | D        | Found a hazy altar of Hepliaklqana.
    62 | D        | Found an opulent altar of Gozag.
    82 | D        | Found a glowing golden altar of the Shining One.
    82 | D        | Found a glowing silver altar of Zin.
    82 | D        | Found a basalt altar of Yredelemnul.
    82 | D        | Found a shimmering altar of Xom.
    82 | D        | Found an ornate altar of the Wu Jian Council.
    82 | D        | Found a sacrificial altar of Ru.
    82 | D        | Found a stormy altar of Qazlal.
    82 | D        | Found an iron altar of Okawaru.
    82 | D        | Found a sparkling altar of Nemelex Xobeh.
    82 | D        | Found a burning altar of Makhleb.
    82 | D        | Found a blossoming altar of Fedhas.
    82 | D        | Found a white marble altar of Elyvilon.
    82 | D        | Found a shadowy altar of Dithmenos.
    82 | D        | Found a snail-covered altar of Cheibriados.
   101 | D        | Found a radiant altar of Vehumet.
   101 | D        | Found a corrupted altar of Lugonu.
   102 | D        | Found an ancient bone altar of Kikubaaqudgha.
   102 | D        | Found a hide-covered altar of Uskayaw.
   102 | D        | Found a broken altar of Ashenzari.
   123 | D        | Reached skill level 4 in Unarmed Combat
   123 | D        | Reached XP level 2. HP: 31/31 MP: 1/1
   126 | D        | Reached ** piety under Trog
   155 | D        | Noticed a scorpion
   161 | D        | Killed a scorpion
   162 | D        | Reached skill level 5 in Unarmed Combat
   162 | D        | Reached XP level 3. HP: 29/40 MP: 2/2
   162 | D        | Reached XP level 4. HP: 35/49 MP: 3/3
   183 | D        | Reached *** piety under Trog
   184 | D        | Reached skill level 5 in Fighting
   184 | D        | Reached skill level 6 in Unarmed Combat
   214 | D        | Reached **** piety under Trog
   226 | D        | Reached skill level 5 in Dodging
   226 | D        | Reached XP level 5. HP: 7/57 MP: 4/4
   226 | D        | Reached ***** piety under Trog
   227 | D        | Reached skill level 1 in Stealth
   368 | D        | Noticed a freezing wraith
   394 | D        | Killed a freezing wraith
   395 | D        | Reached skill level 9 in Unarmed Combat
   395 | D        | Reached XP level 6. HP: 21/71 MP: 5/5
   453 | D        | Noticed Edmund
   453 | D        | Noticed a water moccasin
   460 | D        | Killed a water moccasin
   461 | D        | Reached XP level 7. HP: 78/78 MP: 6/6
   464 | D        | Reached skill level 10 in Unarmed Combat
   464 | D        | Killed Edmund
   490 | D        | Killed an unseen horror
   491 | D        | Reached skill level 11 in Unarmed Combat
   491 | D        | Reached XP level 8. HP: 60/89 MP: 7/7
   520 | D        | Received a gift from Trog
   530 | D        | Noticed a molten gargoyle
   534 | D        | HP: 3/91 [molten gargoyle/bolt of magma (18)]
   536 | D        | Reached skill level 12 in Unarmed Combat
   617 | D        | Killed a molten gargoyle
   623 | D        | Reached skill level 13 in Unarmed Combat
   877 | D        | Noticed a molten gargoyle
   881 | D        | Noticed a lindwurm
   895 | D        | Killed a molten gargoyle
   896 | D        | Reached XP level 9. HP: 9/100 MP: 8/8
   899 | D        | Killed from afar by a lindwurm

Illustrated notes

Levels and vault maps discovered:
D:        pitsprint [storerooms_1, entrance_room_1, metal_vault_1, armoury_1,
          mini_pit_1, grid_room_1, main_hall_1, silver_pit, the_coven_1,
          the_vestibule_1, steel_vault_3, golden_pit, hallway_of_sentries,
          crystal_vault_1, iron_vault_4, final_vault]

Skill      XL: |  1  2  3  4  5  6  7  8 |
---------------+-------------------------+-----
Fighting       | 3 4 5 7 8 9 |  9.4
Dodging        | 3 4 5 6 7 9 |  9.0
Unarmed Combat | 4 5 6 9 11 13 | 13.5
Stealth        | 1 2 3 |  3.0

Action                     |  1- 3 |  4- 6 |  7- 9 || total
---------------------------+-------+-------+-------++-------
  Melee: Unarmed           |    15 |    39 |    35 ||    89
         Punch             |       |     1 |     5 ||     6
 Invoke: Berserk           |       |     2 |     1 ||     3
         Brothers in Arms  |       |     2 |     1 ||     3
    Use: Scroll            |       |       |     1 ||     1
         Potion            |       |       |     1 ||     1
   Stab: Sleeping          |     1 |       |       ||     1
 Armour: Animal skin       |     7 |    21 |     6 ||    34
  Dodge: Dodged            |    10 |    29 |    15 ||    54

Table legend: (Time is in decaauts)
 A = Elapsed time spent in this place.
 B = Non-inter-level travel time spent in this place.
 C = Inter-level travel time spent in this place.
 D = Time resting spent in this place.
 E = Time spent auto-exploring this place.
 F = Levels seen in this place.
 G = Mean time per level.
                   A        B        C        D        E       F      G
               +--------+--------+--------+--------+--------+-----+--------+
         Total |    905 |    764 |    141 |    248 |    141 |   1 |  905.0 |
       Dungeon |    905 |    764 |    141 |    248 |    141 |   1 |  905.0 |
               +--------+--------+--------+--------+--------+-----+--------+

Top non-repeatable levels by time:
       D: 905 daAuts
